 Dungeon Crawl Stone Soup version 0.18.1-8-gdd0e5ea (webtiles) character file.

70 mindo the Chiller (level 4, -4/27 HPs)
             Began as a High Elf Ice Elementalist on June 8, 2016.
             Slain by a worm (9 damage)
             ... on level 3 of the Dungeon.
             The game lasted 00:12:56 (1955 turns).

mindo the Chiller (High Elf Ice Elementalist)       Turns: 1955, Time: 00:12:57

Health: -4/27      AC:  3    Str:  7    XL:     4   Next: 4%
Magic:  8/10       EV: 13    Int: 20    God:
Gold:   120        SH:  3    Dex: 15    Spells: 1 memorised, 8 levels left

rFire  . . .     SeeInvis .     i - +2 whip (elec)
rCold  . . .     Gourm    .     a - +0 robe
rNeg   + . .     Faith    .     (no shield)
rPois  .         Spirit   .     (no helmet)
rElec  .         Dismiss  .     m - +0 cloak
rCorr  .         Reflect  +     (no gloves)
SustAt .         Harm     .     (no boots)
MR     .....                    g - +3 amulet of reflection
Stlth  ++........               (no ring)
                                n - ring of positive energy

@: flying, not resistant to hostile enchantments, unstealthy
A: no striking features
a: no special abilities


You were on level 3 of the Dungeon.
You were not hungry.

You visited 1 branch of the dungeon, and saw 3 of its levels.

You collected 120 gold pieces.

Inventory:

Hand Weapons
 i - a +2 whip of electrocution (weapon)
 l - a +0 lajatang
 o - a +0 vampiric whip
Armour
 a - a +0 robe (worn)
 m - a +0 cloak (worn)
Rods
 q - a +0 lightning rod (11/11)
   (You found it on level 2 of the Dungeon)
Jewellery
 g - a +3 amulet of reflection (around neck)
 n - a ring of positive energy (left hand)
 s - a +2 ring of intelligence {unknown}
Scrolls
 e - 3 scrolls of identify
 f - a scroll of recharging {unknown}
 h - 3 scrolls of noise {unknown}
 k - 2 scrolls of remove curse {unknown}
 r - a scroll of enchant armour {unknown}
 t - a scroll of fear {unknown}
Potions
 p - a potion of heal wounds {unknown}
Books
 b - a book of Frost

   Spells                             Type                      Level
   a - Freeze                         Ice                          1
   b - Throw Frost                    Conjuration/Ice              2
   c - Ozocubu's Armour               Charms/Ice                   3
   d - Throw Icicle                   Conjuration/Ice              4
   e - Summon Ice Beast               Ice/Summoning                4
Comestibles
 c - 2 bread rations
 j - a royal jelly


   Skills:
 + Level 0.4 Fighting
 + Level 2.4 Dodging
 + Level 2.6 Stealth
 + Level 3.3 Spellcasting
   Level 1.1 Conjurations
 + Level 4.0 Ice Magic


You had 8 spell levels left.
You knew the following spells:

 Your Spells              Type           Power        Failure   Level  Hunger
a - Freeze                Ice            ###.         2%          1    None


Dungeon Overview and Level Annotations

Branches:
Dungeon (3/15)

Altars:
Dithmenos


Message History

Press: ? - help, Shift-Dir - straight line, f - worm
Aim: a worm You freeze the worm.
The worm is heavily wounded.
Casting: Freeze
Confirm with . or Enter, or press ? or * to list all spells.
Aiming: Freeze
Press: ? - help, Shift-Dir - straight line, f/p - worm
Aim: a worm (heavily wounded)
You freeze the worm.
The worm is severely wounded.
The worm bites you!
* * * LOW HITPOINT WARNING * * *
Casting: Freeze
Confirm with . or Enter, or press ? or * to list all spells.
You don't know that spell.
It was a potion of flight.
You feel very buoyant.
You fly up into the air.
The worm bites you!
You die...

...............#
...............#
...............#
.............#...
#.....#......####
#########..#
####.##
########.....#
......w@.##...#
....######..#.....
. ..###..... ...
..### .... ...
..... .... .....#
#.S


You could see a worm.

Vanquished Creatures
  An adder (D:2)
  An ooze (D:1)
  2 worms
  3 giant geckos
  A giant cockroach (D:1)
  12 goblins
  3 hobgoblins (D:1)
  6 kobolds
  10 bats
  3 giant newts
  8 rats
50 creatures vanquished.

Vanquished Creatures (others)
  A worm (D:1)
  A bat (D:1)
  A rat (D:1)
3 creatures vanquished.

Grand Total: 53 creatures vanquished

Notes
Turn   | Place    | Note
--------------------------------------------------------------
     0 | D:1      | mindo the High Elf Ice Elementalist began the quest for the Orb.
     0 | D:1      | Reached XP level 1. HP: 11/11 MP: 4/4
    77 | D:1      | Reached XP level 2. HP: 17/17 MP: 2/6
   626 | D:1      | Reached XP level 3. HP: 19/21 MP: 1/8
  1446 | D:2      | Reached skill level 4 in Ice Magic
  1629 | D:2      | Found a shadowy altar of Dithmenos.
  1891 | D:3      | Reached XP level 4. HP: 14/27 MP: 7/9
  1955 | D:3      | Slain by a worm

Skill      XL: |  1  2  3 |
---------------+----------+-----
Spellcasting   | 3 |  3.3
Ice Magic      | 4 |  4.0
Fighting       | |  0.4
Dodging        | |  2.4
Stealth        | |  2.6
Conjurations   | |  1.1

Action                   |  1- 3 |  4- 6 || total
-------------------------+-------+-------++-------
Melee: Unarmed           |     1 |       ||     1
       Whip              |    10 |     1 ||    11
 Cast: Freeze            |    72 |     4 ||    76
  Use: Scroll            |     3 |       ||     3
       Potion            |       |     1 ||     1
  Eat: Meat ration       |     1 |       ||     1
Armor: Robe              |    25 |       ||    25
Dodge: Dodged            |    51 |       ||    51
Block: Other             |       |     1 ||     1
